 Dungeon Crawl Stone Soup version 0.16-a0-1120-gd281f79 (webtiles) character file.

548 Ololoev the Slasher (level 7, 0/55 HPs)
             Began as a Centaur Gladiator on Oct 6, 2014.
             Slain by Pikel
             ... wielding a +0 whip of flaming
              (1 damage)
             ... on level 4 of the Dungeon.
             The game lasted 00:12:52 (5374 turns).

Ololoev the Slasher (Centaur Gladiator)             Turns: 5374, Time: 00:12:52

Health: 0/55       AC:  7    Str: 17    XL:     7   Next: 7%
Magic:  5/5        EV: 10    Int:  7    God:
Gold:   215        SH:  0    Dex: 12    Spells: 0 memorised, 6 levels left

rFire  . . .     SeeInvis .     a - +0 long sword
rCold  . . .     Clarity  .     e - +0 leather armour
rNeg   . . .     SustAb   .     (no shield)
rPois  .         Gourm    .     s - +0 helmet
rElec  .         Spirit   .     o - +0 cloak
rCorr  .         Warding  .     p - +0 pair of gloves
rMut   .         Stasis   .     (no barding)
MR     .....                    (no amulet)
Stlth  +.........               (no ring)
                                (no ring)

@: very quick, not resistant to hostile enchantments, very unstealthy
A: hooves 3, deformed body, speed 2, tough skin 3
a: no special abilities


You were on level 4 of the Dungeon.
You were not hungry.

You visited 1 branch of the dungeon, and saw 4 of its levels.

You collected 215 gold pieces.

Inventory:

Hand weapons
 a - a +0 long sword (weapon)
 b - a +0 shortbow
Missiles
 d - 2 throwing nets (quivered)
 l - 45 arrows
Armour
 c - a +0 helmet
 e - a +0 leather armour (worn)
 o - a +0 cloak (worn)
 p - a +0 pair of gloves (worn)
 s - a +0 helmet (worn)
Comestibles
 f - 3 bread rations
 h - 4 meat rations
Scrolls
 g - 2 scrolls of random uselessness {unknown}
 i - a scroll of teleportation {unknown}
 k - 4 scrolls of remove curse {unknown}
 m - 5 scrolls of identify {unknown}
 n - a scroll of fog {unknown}
 r - a scroll of immolation {unknown}
 v - a scroll of noise {unknown}
 x - a scroll of enchant weapon {unknown}
Potions
 j - a potion of lignification {unknown}
 q - a potion of flight {unknown}


   Skills:
 - Level 2.0 Fighting
 - Level 7.0 Long Blades
 + Level 3.1 Bows
 - Level 2.6 Throwing
 - Level 2.1 Dodging


You had 6 spell levels left.
You didn't know any spells.

Dungeon Overview and Level Annotations

Branches:
Dungeon (4/15)
 Temple: D:4-7

Altars:
Dithmenos
Gozag
Makhleb
Qazlal
Yredelemnul

Annotations:
D:4 Pikel


Innate Abilities, Weirdness & Mutations

You have hooves in place of feet.
Armour fits poorly on your strangely shaped body.
You cover ground very quickly.
You have extremely tough skin (AC +3).


Message History

You are too injured to fight recklessly!
You are too injured to fight recklessly!
You are too injured to fight recklessly!
You are too injured to fight recklessly!
You are too injured to fight recklessly!
You are too injured to fight recklessly!
You are too injured to fight recklessly!
You are too injured to fight recklessly!
You closely miss Pikel. Your kick misses Pikel.
Pikel is almost dead.
Pikel hits you with a whip of flaming!
* * * LOW HITPOINT WARNING * * *
Pikel burns you.
* * * LOW HITPOINT WARNING * * *
You closely miss Pikel. You kick Pikel, but do no damage.
Pikel is almost dead.
Pikel hits you with a whip of flaming.
* * * LOW HITPOINT WARNING * * *
Pikel burns you.
You die...

..........# #....##.##..#
.........## #..####..##.####
..###..### #####(## ##.##.##).
#K.###..######.....######.......#
#..####..##....###.........#....#
##....##[##.######.#######.####.#
##...##.##........## #.# #[#
##.....##..#####..######.####..
####.........@K....[......###.
####......#######.#####.#.###<
#..............##.# #..)....
#.####.####.....#.# ####.##.
####.##.....##.......########....
#..[.#.......#...................
#.##.#.......#.........#########.
........._...........#.# #.
..##.#.......#......##.# ###.


You could see Pikel.

Vanquished Creatures
  2 ogres (D:4)
  4 slaves (D:4)
  A centaur (D:4)
  A scorpion (D:4)
  4 worker ants (D:4)
  An ogre skeleton (D:4)
  A hound skeleton (D:4)
  4 adders
  A gnoll (D:1)
  5 worms
  An ooze (D:3)
  2 giant geckos
  6 orcs
  6 bats
  12 goblins
  8 hobgoblins
  2 jackals (D:3)
  3 giant newts
  An orc skeleton (D:4)
  6 rats
  A spectral orc (D:4)
72 creatures vanquished.

Notes
Turn   | Place    | Note
--------------------------------------------------------------
     0 | D:1      | Ololoev, the Centaur Gladiator, began the quest for the Orb.
     0 | D:1      | Reached XP level 1. HP: 17/17 MP: 1/1
    94 | D:1      | Reached skill level 3 in Long Blades
    94 | D:1      | Reached XP level 2. HP: 19/24 MP: 2/2
   690 | D:2      | Found an opulent altar of Gozag.
   768 | D:2      | Found a shadowy altar of Dithmenos.
   775 | D:2      | Reached XP level 3. HP: 19/29 MP: 3/3
   778 | D:2      | Reached skill level 4 in Long Blades
  1645 | D:3      | Found a burning altar of Makhleb.
  1837 | D:3      | Reached XP level 4. HP: 36/36 MP: 3/3
  2551 | D:4      | Reached skill level 5 in Long Blades
  2698 | D:4      | Noticed a centaur
  2700 | D:4      | Noticed an ogre
  3097 | D:4      | Reached XP level 5. HP: 34/41 MP: 4/4
  3128 | D:4      | Killed an ogre
  3218 | D:4      | Found a stormy altar of Qazlal.
  3223 | D:4      | Reached skill level 6 in Long Blades
  3258 | D:4      | Noticed an ogre
  3280 | D:4      | Killed an ogre
  3280 | D:4      | Reached XP level 6. HP: 26/48 MP: 5/5
  3595 | D:4      | Killed a centaur
  3595 | D:4      | Reached skill level 7 in Long Blades
  3619 | D:4      | HP: 2/48 [poison (a potion of poison)]
  3906 | D:4      | Noticed a slave
  3906 | D:4      | Noticed a slave
  3907 | D:4      | Noticed Pikel
  3936 | D:4      | Noticed a slave
  3938 | D:4      | Noticed a slave
  4454 | D:4      | Killed a slave
  4709 | D:4      | Killed a slave
  4736 | D:4      | Reached XP level 7. HP: 40/55 MP: 5/5
  4841 | D:4      | Found a basalt altar of Yredelemnul.
  4971 | D:4      | Killed a slave
  5088 | D:4      | Killed a slave
  5374 | D:4      | HP: 1/55 [Pikel/whip of flaming (4)]
  5374 | D:4      | Slain by Pikel

Action                   |  1- 3 |  4- 6 |  7- 9 || total
-------------------------+-------+-------+-------++-------
Melee: Long sword        |    65 |   176 |    61 ||   302
 Fire: Shortbow          |       |       |     5 ||     5
Throw: Throwing net      |       |     1 |       ||     1
Evoke: Wand              |       |     7 |       ||     7
  Use: Potion            |     1 |     5 |       ||     6
  Eat: Chunk             |     1 |     6 |       ||     7
       Royal jelly       |       |     1 |       ||     1
       Pizza             |       |     1 |       ||     1
       Meat ration       |       |       |     1 ||     1
